 Dungeon Crawl Stone Soup version 0.19-a0-1907-gcff654f (webtiles) character file.

173 Ijustatesigmund the Sneak (level 5, -9/44 HPs)
             Began as a Naga Wizard on Oct 21, 2016.
             Killed by divine providence
             ... invoked by an orc priest
              (12 damage)
             ... on level 3 of the Dungeon.
             The game lasted 00:15:04 (3013 turns).

Ijustatesigmund the Sneak (Naga Wizard)             Turns: 3013, Time: 00:15:05

Health: -9/44      AC:  3    Str: 10    XL:     5   Next: 53%
Magic:  2/9        EV: 10    Int: 18    God:
Gold:   139        SH:  0    Dex: 10    Spells: 4 memorised, 2 levels left

rFire  . . .     SeeInvis +     e - +0 short sword
rCold  . . .     Gourm    .     a - +0 robe
rNeg   . . .     Faith    .     (no shield)
rPois  +         Spirit   .     l - +1 hat
rElec  .         Reflect  .     (no cloak)
rCorr  .         Harm     .     (no gloves)
MR     .....                    (no barding)
Stlth  ++........               (no amulet)
                                (no ring)
                                (no ring)

@: short of breath, very slightly contaminated, repel missiles, very slow
A: see invisible, deformed body, poison resistance, slowness 2, slow metabolism
1, spit poison 1, AC +1
a: Spit Poison


You were on level 3 of the Dungeon.
You were not hungry.

You visited 1 branch of the dungeon, and saw 4 of its levels.

You collected 139 gold pieces.

Inventory:

Hand Weapons
 e - a +0 short sword (weapon)
Missiles
 b - 8 silver tomahawks
 g - 6 javelins (quivered)
Armour
 a - a +0 robe (worn)
 h - a +1 leather armour of poison resistance
 k - a +0 buckler
 l - a +1 hat (worn)
Wands
 q - a wand of lightning (3/15)
Scrolls
 i - 2 scrolls of amnesia
 n - a scroll of remove curse
Potions
 f - a potion of haste
Books
 c - a book of Minor Magic

   Spells                             Type                      Level
   a - Magic Dart                     Conjuration                  1
   b - Blink                          Translocation                2
   c - Call Imp                       Summoning                    2
   d - Repel Missiles                 Charms/Air                   2
   e - Slow                           Hexes                        2
   f - Conjure Flame                  Conjuration/Fire             3
   g - Mephitic Cloud                 Conjuration/Poison/Air       3
Comestibles
 d - 3 bread rations
 m - a beef jerky
 p - a meat ration


   Skills:
 - Level 1.3 Fighting
 - Level 1.5 Dodging
 - Level 3.6 Stealth
 - Level 3.0 Spellcasting
 - Level 3.2 Conjurations
   Level 1.0 Summonings
 - Level 2.2 Translocations
 * Level 1.6 Air Magic
 + Level 2.2 Poison Magic


You had 2 spell levels left.
You knew the following spells:

 Your Spells              Type           Power        Failure   Level  Hunger
a - Magic Dart            Conj           ##..         4%          1    None
b - Blink                 Tloc           N/A          12%         2    ##.....
c - Repel Missiles        Chrm/Air       #.....       17%         2    ##.....
d - Mephitic Cloud        Conj/Pois/Air  ##......     21%         3    ###....


Dungeon Overview and Level Annotations

Branches:
Dungeon (4/15)
 Temple: D:4-7

Altars:


Innate Abilities, Weirdness & Mutations

You cannot wear boots.
Your serpentine skin is tough. (AC +1)
You have supernaturally acute eyesight. (SInv)
Armour fits poorly on your strangely shaped body.
Your system is resistant to poisons. (rPois)
You cover ground very slowly.
You have a slow metabolism.
You can spit poison.


Message History

The kobold hits you with a whip.
* * * LOW HITPOINT WARNING * * *
The worm bites you.
* * * LOW HITPOINT WARNING * * *
The orc priest hits you from afar with an antimagic trident.
* * * LOW HITPOINT WARNING * * *
You feel your power leaking away.
The goblin appears out of thin air!
A goblin comes into view. It is wielding a dagger.
Casting: Mephitic Cloud
Confirm with . or Enter, or press ? or * to list all spells.
Aiming: Mephitic Cloud
Press: ? - help, Shift-Dir - straight line, f/p - orc priest
Aim: an orc priest, wielding an antimagic trident and wearing a leather armour (moderately wounded)
You miscast Mephitic Cloud.
You feel slightly ill.
The goblin shouts!
The kobold barely misses you.
The orc priest mumbles some strange prayers to Beogh against you.
Beogh smites you!
You die...

##.o...........# ##.....
#.[...##......# #......
#.....#..###(.# #......
#......g.....## #......
#....#.)....## #......
#....#.....##### #......
#....#.o................
######w.K..########.....
#.@...# ##.... #######
#####


You could see a worm, an orc priest, a goblin and a kobold.

Vanquished Creatures
  A howler monkey (D:4)
  An orc priest (D:3)
  5 adders (D:2)
  A worm (D:2)
  A dart slug (D:1)
  3 leopard geckos
  3 orcs
  4 bats
  A giant cockroach (D:1)
  4 goblins
  6 hobgoblins
  3 jackals (D:2)
  4 kobolds
  2 quokkas (D:2)
  A ball python (D:2)
  5 frilled lizards
  A quokka skeleton (D:4)
  7 rats
53 creatures vanquished.

Notes
Turn   | Place    | Note
-------+----------+-------------------------------------------
     0 | D:1      | Ijustatesigmund the Naga Wizard began the quest for the Orb.
     0 | D:1      | Reached XP level 1. HP: 15/15 MP: 4/4
   217 | D:1      | Reached XP level 2. HP: 12/22 MP: 0/6
   221 | D:1      | Learned a level 2 spell: Blink
   224 | D:1      | Learned a level 2 spell: Repel Missiles
  1267 | D:2      | Reached XP level 3. HP: 25/28 MP: 3/7
  1494 | D:2      | Learned a level 3 spell: Mephitic Cloud
  1767 | D:2      | Reached XP level 4. HP: 36/36 MP: 5/8
  1960 | D:2      | Reached skill level 1 in Poison Magic
  2693 | D:3      | Reached skill level 1 in Fighting
  2693 | D:3      | Reached skill level 1 in Air Magic
  2693 | D:3      | Reached XP level 5. HP: 44/44 MP: 5/9
  2999 | D:4      | Noticed an ogre
  3013 | D:3      | Killed from afar by an orc priest

Vault maps used:
D:1:      lemuel_arrival_muddy, minivault_19
D:2:      grunt_decor_arrowhead
D:4:      gammafunk_temple_overflow_statue, first_bread

Skill      XL: |  1  2  3  4  5 |
---------------+----------------+-----
Conjurations   | 2 3 |  3.2
Translocations | 2 |  2.2
Poison Magic   | 1 2 |  2.2
Fighting       | 1 |  1.3
Air Magic      | 1 |  1.6
Dodging        | |  1.5
Stealth        | |  3.6
Spellcasting   | |  3.0
Summonings     | |  1.0

Action                   |  1- 3 |  4- 6 || total
-------------------------+-------+-------++-------
Melee: Short sword       |    21 |     9 ||    30
       Unarmed           |     2 |       ||     2
 Cast: Magic Dart        |    69 |    64 ||   133
       Repel Missiles    |     2 |     1 ||     3
       Mephitic Cloud    |       |     1 ||     1
 Abil: Spit Poison       |     9 |     6 ||    15
  Use: Scroll            |     5 |     1 ||     6
       Potion            |       |     1 ||     1
 Stab: Confused          |       |     1 ||     1
  Eat: Chunk             |     2 |     2 ||     4
       Beef jerky        |       |     1 ||     1
Armor: Robe              |    12 |     7 ||    19
Dodge: Dodged            |    26 |    26 ||    52
       Deflected         |     2 |     1 ||     3
